 Dungeon Crawl Stone Soup version 0.29-a0-632-g781b4ac09e (webtiles) character file.

Game seed: 1050569915304424173

284 Bruhh the Magician (level 5, 0/38 HPs)
             Began as a Demigod Air Elementalist on June 19, 2022.
             Killed by their own static electricity (3 damage)
             ... on level 3 of the Dungeon.
             The game lasted 00:05:39 (3320 turns).

Bruhh the Magician (Demigod Air Elementalist)       Turns: 3320, Time: 00:05:40

Health: 0/38       AC:  5    Str:  9    XL:     5   Next: 79%
Magic:  8/23       EV: 12    Int: 21    God:
Gold:   128        SH:  0    Dex: 14    Spells: 9/12 levels left

rFire   . . .      SeeInvis .   u - +7 mace of Entrepreneurial Spirit {freeze, rC+}
rCold   + . .      Faith    .   (no shield)
rNeg    . . .      Spirit   .   a - +0 robe
rPois   .          Reflect  .   (no helmet)
rElec   .          Harm     .   o - +1 cloak
rCorr   .          Rampage  .   g - +0 pair of gloves
Will    .....                   (no boots)
Stlth   ++........              (no amulet)
HPRegen 0.12/turn               p - ring of magical power
MPRegen 0.18/turn               (no ring)

@: no status effects
A: high MP 1, forlorn, divine attributes
a: no special abilities


You were on level 3 of the Dungeon.
You visited 1 branch of the dungeon, and saw 3 of its levels.

You collected 128 gold pieces.

Inventory:

Hand Weapons
 i - a +0 mace
 n - a +1 short sword of protection
 u - the +7 mace of Entrepreneurial Spirit (weapon) {freeze, rC+}
   (You found it on level 2 of the Dungeon)

   It freezes those it strikes, dealing additional cold damage.
   It can also slow down cold-blooded creatures.
   rC:        It protects you from cold.
Armour
 a - a +0 robe (worn)
 g - a +0 pair of gloves (worn)
 h - a +0 cloak
 o - a +1 cloak (worn)
 s - a +0 buckler
Jewellery
 p - a ring of magical power (left hand)
Wands
 v - a wand of quicksilver (5)
Scrolls
 f - 2 scrolls of teleportation {unknown}
 j - 2 scrolls of fog {unknown}
 l - 2 scrolls of identify {unknown}
 m - 2 scrolls of immolation {unknown}
 q - a scroll of silence {unknown}
 t - a scroll of blinking {unknown}
Potions
 b - a potion of magic
 c - 2 potions of degeneration {unknown}
 d - 3 potions of mutation {unknown}
 e - a potion of flight {unknown}
 k - 3 potions of curing {unknown}
 r - a potion of haste {unknown}
 w - a potion of lignification {unknown}


   Skills:
 - Level 1.7 Dodging
 - Level 1.7 Stealth
 - Level 4.0 Spellcasting
 + Level 3.7 Conjurations
 + Level 2.9 Air Magic


You had 9 spell levels left.
You knew the following spells:

 Your Spells              Type           Power      Damage    Failure   Level
a - Shock                 Conj/Air       72%        1d7       3%          1
b - Static Discharge      Conj/Air       18%        N/A       4%          2

Your spell library contained the following spells:

 Spells                   Type           Power      Damage    Failure   Level
 Swiftness                Air            16%        N/A       11%         3
 Airstrike                Air            8%         N/A       34%         4


Dungeon Overview and Level Annotations

Branches:
Dungeon (3/15)


Innate Abilities, Weirdness & Mutations

You have an increased reservoir of magic. (+10% MP)
You shall have no god before yourself.
Your divine heritage dramatically boosts your attributes as you level up.


Message History

Grinder is moderately wounded.
The zap misses Grinder.
Grinder says, "Tell me all your secrets, or I'll kill you."
The zap hits Grinder.
Grinder is heavily wounded.
Casting: Shock (safe; 3% risk of failure)
Confirm with . or Enter, or press ? or * to list all spells.
Grinder is struck by an arc of lightning.
Grinder is heavily wounded.
The lightning grounds out.
Grinder closely misses you.
Unknown command.
Casting: Static Discharge (safe; 4% risk of failure)
Confirm with . or Enter, or press ? or * to list all spells.
Grinder is struck by an arc of lightning.
Grinder is severely wounded.
You are struck by an arc of lightning.
The lightning grounds out.
Grinder says, "You look like you could use a good racking."
Grinder hits you.
You writhe in agony.
Casting: Static Discharge (safe; 4% risk of failure)
Confirm with . or Enter, or press ? or * to list all spells.
Grinder is struck by an arc of lightning.
Grinder is severely wounded.
You are struck by an arc of lightning.
The lightning grounds out.
Grinder hits you.
You writhe in agony.
Unknown command.
Unknown command.
Casting: Static Discharge (safe; 4% risk of failure)
Confirm with . or Enter, or press ? or * to list all spells.
Grinder is struck by an arc of lightning!
Grinder is almost dead.
The lightning grounds out.
Grinder hits you!
* * * LOW HITPOINT WARNING * * *
Unknown command.
Unknown command.
Casting: Static Discharge (safe; 4% risk of failure)
Confirm with . or Enter, or press ? or * to list all spells.
Grinder is struck by an arc of lightning.
You kill Grinder!
You are struck by an arc of lightning.
You die...

#.###### .... #.# #.#<.... ...#
#.# #.#..... ... #.# #.#.#### ..#
#.# #.#.# . .. #.# #.#.# ... #.
#.# #.#.####
..(..#.###.###############.#.....
................@........#.#####.
.....##.##.#############.#.# #.
... #..#.# #......<#.#.# #. .
##.#.# #.#######.#.# #. .#.#
#.........#'### #. ...#
####..........# #. #..#
#รท.........# #. ..# #..........#
#. #..........# #.


There were no monsters in sight!

Vanquished Creatures
  Grinder (D:3)
  Sigmund (D:2)
  Crazy Yiuf (D:2)
  3 adders
  2 worms (D:2)
  5 bats
  5 endoplasms
  4 giant cockroaches
  4 goblins
  A hobgoblin (D:1)
  6 jackals (D:1)
  2 quokkas (D:1)
  8 ball pythons
  3 frilled lizards
  6 kobolds
  9 rats
61 creatures vanquished.

Notes
Turn   | Place    | Note
-------+----------+-------------------------------------------
     0 | D:1      | Bruhh the Demigod Air Elementalist began the quest for the
                  | Orb.
     0 | D:1      | Reached XP level 1. HP: 14/14 MP: 5/5
   107 | D:1      | Reached skill level 2 in Spellcasting
   405 | D:1      | Reached XP level 2. HP: 20/20 MP: 4/8
   787 | D:1      | Reached skill level 3 in Spellcasting
   945 | D:1      | Reached XP level 3. HP: 24/26 MP: 1/10
  1522 | D:2      | Learned a level 2 spell: Static Discharge
  1553 | D:2      | Reached skill level 1 in Conjurations
  2039 | D:2      | Noticed Sigmund
  2058 | D:2      | Identified the +7 mace of Entrepreneurial Spirit {freeze,
                  | rC+}
  2112 | D:2      | Killed Sigmund
  2113 | D:2      | Reached skill level 4 in Spellcasting
  2113 | D:2      | Reached XP level 4. HP: 12/33 MP: 13/13
  2113 | D:2      | Reached XP level 5. HP: 14/38 MP: 14/14
  2333 | D:2      | Found a runed translucent door.
  2334 | D:2      | Noticed Crazy Yiuf
  2758 | D:2      | Killed Crazy Yiuf
  3295 | D:3      | Noticed Grinder
  3295 | D:3      | Paralysed by Grinder for 3 turns
  3320 | D:3      | Killed Grinder
  3320 | D:3      | Killed from afar by themself

Illustrated notes

Levels and vault maps discovered:
D:1:      moated_graveyard_arrival, layout_loops_ring
D:2:      layout_loops_cross, basic_altar, hellmonk_ecumenical_altar_lost_god,
          uniq_sigmund, uniq_crazy_yiuf_cottage
D:3:      layout_basic, uniq_grinder

Skill      XL: |  1  2  3 |
---------------+----------+-----
Spellcasting   | 2 3 4 |  4.0
Conjurations   | 3 |  3.7
Dodging        | |  1.7
Stealth        | |  1.7
Air Magic      | |  2.9

Action                   |  1- 3 |  4- 6 || total
-------------------------+-------+-------++-------
Melee: Unarmed           |    22 |       ||    22
       Punch             |     1 |       ||     1
       Mace              |    11 |    15 ||    26
       Short sword       |    11 |       ||    11
 Cast: Shock             |    88 |    23 ||   111
       Static Discharge  |     2 |     6 ||     8
 Stab: Sleeping          |     1 |     2 ||     3
Armor: Robe              |    20 |     8 ||    28
Dodge: Dodged            |    42 |    14 ||    56

Table legend: (Time is in decaauts)
 A = Elapsed time spent in this place.
 B = Non-inter-level travel time spent in this place.
 C = Inter-level travel time spent in this place.
 D = Time resting spent in this place.
 E = Time spent auto-exploring this place.
 F = Levels seen in this place.
 G = Mean time per level.
                   A        B        C        D        E       F      G
               +--------+--------+--------+--------+--------+-----+--------+
         Total |   3329 |   3251 |     78 |      0 |   2780 |   3 | 1109.7 |
       Dungeon |   3329 |   3251 |     78 |      0 |   2780 |   3 | 1109.7 |
               +--------+--------+--------+--------+--------+-----+--------+

Top non-repeatable levels by time:
     D:2: 1652 daAuts
     D:1: 1391 daAuts
     D:3: 285 daAuts
